 Dungeon Crawl Stone Soup version 0.28-a0-21-gf74fda84f9 (webtiles) character file.

Game seed: 3758817121373649005

147 ezpacito the Skirmisher (level 5, -1/41 HPs)
             Began as a Demonspawn Abyssal Knight on July 27, 2021.
             Was a Follower of Lugonu.
             Splashed by a jelly's acid (3 damage)
             ... on level 4 of the Dungeon.
             The game lasted 00:04:22 (4499 turns).

ezpacito the Skirmisher (Demonspawn Abyssal Knight) Turns: 4499, Time: 00:04:23

Health: -1/41      AC:  0    Str: 12    XL:     5   Next: 8%
Magic:  7/7        EV: 11    Int: 13    God:    Lugonu [*.....]
Gold:   150        SH:  0    Dex: 14    Spells: 6/6 levels left

rFire   . . .      SeeInvis .   a - +1 hand axe
rCold   . . .      Faith    .   (no shield)
rNeg    . . .      Spirit   .   e - +1 scale mail
rPois   .          Reflect  .   (no helmet)
rElec   .          Harm     .   (no cloak)
rCorr   .          Rampage  .   (no gloves)
Will    .....                   (no boots)
Stlth   ..........              (no amulet)
HPRegen 0.13/turn               c - +4 ring of protection
MPRegen 0.10/turn               (no ring)

@: corroded
A: claws 1, repulsion field 1, powered by death 1
a: Renounce Religion, Depart the Abyss


You were on level 4 of the Dungeon.
You worshipped Lugonu.
Lugonu was aware of your devotion.
You visited 1 branch of the dungeon, and saw 4 of its levels.
You visited the Abyss 1 time.

You collected 150 gold pieces.

Inventory:

Hand Weapons
 a - a +1 hand axe (weapon)
Missiles
 d - 81 stones (quivered)
Armour
 b - a +0 leather armour
 e - a +1 scale mail (worn)
Jewellery
 c - a +4 ring of protection (left claw)
Potions
 g - 2 potions of heal wounds
 h - a potion of curing


   Skills:
 + Level 3.4 Fighting
 * Level 3.0 Axes
 + Level 0.5 Throwing
 + Level 2.3 Armour
 + Level 1.7 Dodging
 + Level 1.1 Spellcasting
 + Level 3.4 Invocations


You had 6 spell levels left.
You didn't know any spells.
Your spell library contained the following spells:

 Spells                   Type           Power      Damage    Failure   Level
 Animate Skeleton         Necr           0%         N/A       82%         1
 Apportation              Tloc           0%         N/A       82%         1
 Corona                   Hex            0%         N/A       82%         1
 Summon Small Mammal      Summ           0%         N/A       82%         1
 Blink                    Tloc           N/A        N/A       91%         2
 Manifold Assault         Tloc           0%         N/A       100%        5
 Storm Form               Tmut/Air       0%         N/A       100%        7


Dungeon Overview and Level Annotations

Branches:
Dungeon (4/15)
 Temple: D:4-7

Altars:
Uskayaw

Shops:
D:3 ?


Innate Abilities, Weirdness & Mutations

You have sharp fingernails.
You are surrounded by a mild repulsion field. (EV +2)
You regenerate a little health from kills.


Message History

The jelly barely misses you.
You completely miss the jelly.
The jelly is heavily wounded.
You hit the dart slug but do no damage. The jelly hits you but does no damage.
The dart slug closely misses you.
You hit the jelly. The acid corrodes you!
Your claws burn!
The jelly is severely wounded.
You hit the dart slug but do no damage. The jelly hits you.
You are splashed with acid.
The dart slug launches a dart at you. The slug dart misses you.
You hit the jelly but do no damage.
Your claws burn!
The jelly is severely wounded.
You hit the dart slug but do no damage. The jelly closely misses you.
The dart slug bites you.
You hit the jelly but do no damage.
Your claws burn!
The jelly is severely wounded.
You hit the dart slug but do no damage. The jelly barely misses you.
The dart slug misses you. The jelly hits you but does no damage.
You hit the jelly.
Your claws burn!
The jelly is almost dead.
You hit the dart slug but do no damage. The jelly hits you.
You are splashed with acid.
You are too injured to fight recklessly!
You are too injured to fight recklessly!
You are too injured to fight recklessly!
You are too injured to fight recklessly!
You are too injured to fight recklessly!
You are too injured to fight recklessly!
You are too injured to fight recklessly!
You hit the jelly but do no damage. The acid corrodes you!
Your claws burn!
* * * LOW HITPOINT WARNING * * *
The jelly is almost dead.
You completely miss the dart slug. The dart slug misses you.
The jelly hits you.
* * * LOW HITPOINT WARNING * * *
You are splashed with acid!
* * * LOW HITPOINT WARNING * * *
You hit the jelly but do no damage.
Your claws burn!
You die...

.. #..
#..######## #
#......... .#
#........##..#
##...........
......Jw..#
.......@..#
....####.## #
#.# #.#
#.####.#
#.##...#
###.##.###
###......#
#.......##
#..##....#


You could see a jelly and a dart slug.

Vanquished Creatures
  An orc priest (D:3)
  An orc wizard (D:3)
  3 adders
  4 dart slugs
  3 orcs (D:3)
  6 ball pythons
  3 bats
  4 endoplasms
  5 giant cockroaches
  3 goblins
  4 hobgoblins
  4 jackals (D:1)
  3 quokkas
  A frilled lizard (D:1)
  4 kobolds
  3 rats (D:2)
52 creatures vanquished.

Notes
Turn   | Place    | Note
-------+----------+-------------------------------------------
     0 | Abyss:1  | ezpacito the Demonspawn Abyssal Knight began the quest for
                  | the Orb.
     0 | Abyss:1  | Reached XP level 1. HP: 18/18 MP: 2/2
   109 | Abyss:1  | Noticed a raiju
   118 | D:1      | Escaped the Abyss
   464 | D:1      | Reached skill level 1 in Dodging
   564 | D:1      | Gained mutation: You have sharp fingernails. [demonic
                  | ancestry]
   564 | D:1      | Reached XP level 2. HP: 8/24 MP: 4/4
   792 | D:1      | Reached * piety under Lugonu
  1257 | D:1      | Gained mutation: You are surrounded by a mild repulsion
                  | field. (EV +2) [demonic ancestry]
  1257 | D:1      | Reached XP level 3. HP: 25/29 MP: 5/5
  2356 | D:2      | Found a faded altar of an unknown god.
  3163 | D:3      | Gained mutation: You regenerate a little health from kills.
                  | [demonic ancestry]
  3163 | D:3      | Reached XP level 4. HP: 19/35 MP: 6/6
  3616 | D:3      | Found Faeh's Magic Scroll Shoppe.
  3650 | D:3      | Found a hide-covered altar of Uskayaw.
  3902 | D:3      | Reached skill level 1 in Spellcasting
  3916 | D:3      | Reached XP level 5. HP: 41/41 MP: 7/7
  4498 | D:4      | HP: 2/41 [acid (7)]
  4499 | D:4      | Splashed by a jelly's acid

Illustrated notes

Levels and vault maps discovered:
D:1:      mrwooster_arrival_arrow, layout_basic
D:2:      layout_basic, ebering_ecumenical_altar_hall
D:3:      minmay_wonky_spiral, layout_basic, nicolae_uskayaw_suspiria,
          serial_shops, shop, kennysheep_flooded_box, uniq_natasha
D:4:      kennysheep_goblin_castle, layout_rooms,
          nicolae_kikubaaqudgha_miasma_corner, biasface_ghost_orc_armoury,
          uniq_pikel

Skill      XL: |  1  2  3  4 |
---------------+-------------+-----
Axes           | 2 3 |  3.0
Dodging        | 1 |  1.7
Armour         | 2 |  2.3
Invocations    | 3 |  3.4
Spellcasting   | 1 |  1.1
Fighting       | |  3.4
Throwing       | |  0.5

Action                   |  1- 3 |  4- 6 || total
-------------------------+-------+-------++-------
Melee: Hand axe          |   138 |    82 ||   220
Invok: Depart the Abyss  |     1 |       ||     1
  Use: Scroll            |     4 |     5 ||     9
       Potion            |       |     1 ||     1
 Stab: Sleeping          |     1 |       ||     1
Armor: Leather armour    |    47 |     6 ||    53
       Skin              |       |    42 ||    42
       Scale mail        |       |    15 ||    15
Dodge: Dodged            |   101 |    49 ||   150

Table legend: (Time is in decaauts)
 A = Elapsed time spent in this place.
 B = Non-inter-level travel time spent in this place.
 C = Inter-level travel time spent in this place.
 D = Time resting spent in this place.
 E = Time spent auto-exploring this place.
 F = Levels seen in this place.
 G = Mean time per level.
                   A        B        C        D        E       F      G
               +--------+--------+--------+--------+--------+-----+--------+
         Total |   4537 |   4468 |     69 |   1486 |   2437 |   5 |  907.4 |
       Dungeon |   4418 |   4349 |     69 |   1486 |   2329 |   4 | 1104.5 |
         Abyss |    119 |    119 |      0 |      0 |    108 |   1 |  119.0 |
               +--------+--------+--------+--------+--------+-----+--------+

Top non-repeatable levels by time:
     D:1: 1744 daAuts
     D:3: 1411 daAuts
     D:2: 1006 daAuts
     D:4: 257 daAuts
 Abyss:1: 119 daAuts
